 Dungeon Crawl Stone Soup version 0.28-a0-653-g7e9dba17c3 (webtiles) character file.

Game seed: 7906088158325793258

9217 siradein the Skirmisher (level 11, -3/72 (85) HPs)
             Began as a Demonspawn Gladiator on Oct 11, 2021.
             Was a Believer of Kikubaaqudgha.
             Slain by a wight (4 damage)
             ... on level 8 of the Dungeon.
             The game lasted 00:28:20 (10886 turns).

siradein the Skirmisher (Demonspawn Gladiator)     Turns: 10886, Time: 00:28:21

HP:   -3/72 (85)    AC: 20    Str: 15    XL:     11   Next: 20%
MP:   0/17          EV:  8    Int: 12    God:    Kikubaaqudgha [**....]
Gold: 376           SH:  0    Dex: 15    Spells: 13/18 levels left

rFire   . . .      SeeInvis .   a - +0 quarterstaff
rCold   . . .      Faith    .   (shield currently unavailable)
rNeg    . . .      Spirit   +   b - +3 chain mail {rPois}
rPois   +          Reflect  .   c - +0 helmet
rElec   .          Harm     .   s - +0 cloak
rCorr   .          Rampage  .   l - +0 pair of gloves
Will    +....                   (no boots)
Stlth   ..........              E - amulet of regeneration
HPRegen 1.22/turn               g - +4 ring of protection
MPRegen 0.30/turn               p - ring of willpower

@: slowed, studying Stealth, heavily drained, very slow
A: hooves 1, molten scales 1, powered by pain 1, magic shield, magic
regeneration, magic link
a: Renounce Religion, Receive Corpses


You were on level 8 of the Dungeon.
You worshipped Kikubaaqudgha.
Kikubaaqudgha was pleased with you.
You visited 2 branches of the dungeon, and saw 10 of its levels.

You collected 376 gold pieces.

Inventory:

Hand Weapons
 a - a +0 quarterstaff (weapon)
Missiles
 d - 3 throwing nets
 n - 5 boomerangs
 r - 54 poisoned darts (quivered)
 t - 2 javelins
 w - 5 boomerangs of dispersal
Armour
 b - a +3 chain mail of poison resistance (worn)
 c - a +0 helmet (worn)
 l - a +0 pair of gloves (worn)
 s - a +0 cloak (worn)
 K - a +0 ring mail
Jewellery
 g - a +4 ring of protection (left hand)
 p - a ring of willpower (right hand)
 q - a ring of positive energy
 E - an amulet of regeneration (around neck)
Wands
 G - a wand of acid (9)
 H - a wand of paralysis (7)
 L - a wand of charming (9)
Scrolls
 j - a scroll of vulnerability {unknown}
 m - a scroll of noise {unknown}
 x - 3 scrolls of fear {unknown}
 y - a scroll of brand weapon {unknown}
 z - a scroll of holy word {unknown}
 A - 2 scrolls of fog {unknown}
 B - a scroll of magic mapping {unknown}
 C - a scroll of immolation {unknown}
 D - a scroll of summoning {unknown}
 F - 2 scrolls of enchant armour {unknown}
 I - a scroll of amnesia {unknown}
Potions
 e - 2 potions of degeneration {unknown}
 f - 3 potions of invisibility {unknown}
 h - a potion of heal wounds {unknown}
 i - a potion of berserk rage {unknown}
 k - a potion of curing {unknown}
 o - 2 potions of lignification {unknown}
 u - a potion of attraction {unknown}
 v - 6 potions of cancellation {unknown}
 J - 3 potions of brilliance {unknown}


   Skills:
 + Level 7.6 Fighting
 + Level 7.3 Staves
 + Level 7.1 Throwing
 + Level 7.3 Dodging
 + Level 4.0 Spellcasting
 * Level 7.3 Necromancy
 + Level 4.4 Evocations


You had 13 spell levels left.
You knew the following spells:

 Your Spells              Type           Power      Damage    Failure   Level
a - Vampiric Draining     Necr           10%        2d7       63%         3
b - Corpse Rot            Necr/Air       N/A        N/A       88%         2

Your spell library contained the following spells:

 Spells                   Type           Power      Damage    Failure   Level
 Pain                     Necr           80%        1d8       28%         1
 Sublimation of Blood     Necr           10%        N/A       38%         2
 Magic Dart               Conj           8%         1d3       99%         1
 Shock                    Conj/Air       8%         1d3       99%         1
 Call Imp                 Summ           2%         N/A       100%        2
 Mephitic Cloud           Conj/Pois/Air  2%         N/A       100%        3
 Swiftness                Air            2%         N/A       100%        3
 Airstrike                Air            1%         N/A       100%        4
 Iskenderun's Battlesphe  Conj           2%         2d6       100%        5
 Iron Shot                Conj/Erth      1%         9d1       100%        6
 Spellforged Servitor     Conj/Summ      1%         N/A       100%        7


Dungeon Overview and Level Annotations

Branches:
Dungeon (9/15)             Temple (1/1) D:6            Lair (0/6) D:8
    Orc: D:9-12

Altars:
Ashenzari
Dithmenos
Elyvilon
Gozag
Hepliaklqana
Kikubaaqudgha
Nemelex Xobeh
Qazlal
Ru
Sif Muna
Trog
Uskayaw
Vehumet
Wu Jian
Xom
Yredelemnul
The Shining One

Shops:
D:3 !   D:6 [   D:7 *

Annotations:
D:2 1 runed translucent door, Crazy Yiuf
D:5 3 runed translucent doors, AlleluiaPinecone's ghost, novice VSBr


Innate Abilities, Weirdness & Mutations

You have large cloven feet.
You are partially covered in molten scales. (AC +2)
You sometimes gain a little power by taking damage.
When hurt, damage is shared between your health and your magic reserves.
You regenerate magic rapidly.
When low on magic, you restore magic in place of health.


Message History

The wraith closely misses you. The orc hits you but does no damage. x2
The wight closely misses you.
The orc wizard hits you but does no damage.
The wraith hits you but does no damage. The orc hits you but does no damage.
You hit the orc. You kick the orc.
The orc is heavily wounded.
The orc closely misses you.
The wight hits you with a +3 morningstar of freezing.
* * * LOW HITPOINT WARNING * * *
The wight freezes you.
The orc wizard hits you but does no damage.
The wraith barely misses you. The orc hits you but does no damage.
The orc hits you with a +0 flail.
* * * LOW HITPOINT WARNING * * *
The wight hits you with a +3 morningstar of freezing.
* * * LOW HITPOINT WARNING * * *
You feel drained.
* * * LOW HITPOINT WARNING * * *
The wight freezes you.
* * * LOW HITPOINT WARNING * * *
Your chain mail prevents you from hitting the orc.
You kick the orc, but do no damage.
The orc is heavily wounded.
The orc wizard hits you but does no damage.
The wraith hits you but does no damage. The orc closely misses you.
The orc hits you but does no damage. The wight barely misses you.
Unknown command.
You thump the orc!
You kill the orc!
Kikubaaqudgha accepts your kill. The orc wizard barely misses you.
The wraith hits you!
* * * LOW HITPOINT WARNING * * *
The wraith drains your vigour!
You feel as though you will be slow longer.
The orc hits you but does no damage.
The wight hits you with a +3 morningstar of freezing!
* * * LOW HITPOINT WARNING * * *
The wight freezes you.
You die...
Kikubaaqudgha rasps: "You have failed me!
Welcome... death!"

####### ......#
##################
#####.#
#................##
#.#
#.##....(.........#
#.#
#.##.###########..#
#####.########.##o#
#..#
..........[....)@o#
#..#
#####'########.#zW#
#..# # #........#
#.#..# #..# #
#<.......#
#.#..###########..#
# #........#
#.#...............#
# ###'######
#.#...###########.#
# #.#
#.#...##..........#
# #.#
#.#...##.##########
# #.# #.#...##.#


You could see a wraith, a wight, an orc wizard and an orc.

Vanquished Creatures
  Harold (D:6)
  A boulder beetle (D:7)
  A skeletal warrior (D:8)
  A necromancer (D:9)
  A komodo dragon (D:8)
  A troll (D:8)
  2 hornets (D:8)
  4 flying skulls
  4 shadows
  4 wraiths
  A wyvern (D:8)
  A steam dragon (D:8)
  A yak (D:7)
  A water moccasin (D:5)
  3 sky beasts
  2 necrophages (D:6)
  2 orc warriors (D:8)
  An ice beast (D:8)
  An ogre (D:7)
  4 centaurs
  2 phantoms
  A kobold brigand (D:7)
  3 bullfrogs
  A gnoll sergeant (D:4)
  5 scorpions
  A water moccasin skeleton (D:4)
  12 killer bees
  6 wights (D:8)
  A howler monkey (D:9)
  2 hounds
  2 centaur zombies (D:9)
  2 bullfrog zombies
  3 orc priests
  A gnoll shaman (D:4)
  3 centaur skeletons
  3 iguanas
  8 orc wizards
  A hound skeleton (D:4)
  3 howler monkey zombies
  11 gnolls
  3 howler monkey skeletons (D:9)
  9 adders
  2 white imps
  A worm (D:3)
  A dart slug (D:4)
  26 orcs
  6 bats
  7 endoplasms
  3 giant cockroaches
  7 hobgoblins
  2 jackals (D:1)
  2 quokkas
  8 ball pythons
  5 frilled lizards
  9 goblins
  16 kobolds
  5 rats
220 creatures vanquished.

Vanquished Creatures (others)
  A troll (D:7)
  5 plants (D:8)
6 creatures vanquished.

Grand Total: 226 creatures vanquished

Notes
Turn   | Place    | Note
-------+----------+-------------------------------------------
     0 | D:1      | siradein the Demonspawn Gladiator began the quest for the
                  | Orb.
     0 | D:1      | Reached XP level 1. HP: 16/16 MP: 1/1
   318 | D:1      | Gained mutation: You sometimes gain a little power by
                  | taking damage. [demonic ancestry]
   318 | D:1      | Reached XP level 2. HP: 22/22 MP: 2/2
   549 | D:1      | Found a faded altar of an unknown god.
   563 | D:1      | Gained mutation: You are partially covered in molten
                  | scales. (AC +2) [demonic ancestry]
   563 | D:1      | Reached XP level 3. HP: 19/28 MP: 3/3
  1343 | D:1      | Gained mutation: You have large cloven feet. [demonic
                  | ancestry]
  1343 | D:1      | Reached XP level 4. HP: 29/34 MP: 4/4
  1458 | D:2      | You fall into a shaft and drop 1 floor!
  1785 | D:2      | Found a runed translucent door.
  1786 | D:2      | Noticed Crazy Yiuf
  2282 | D:3      | Reached XP level 5. HP: 41/41 MP: 5/5
  2714 | D:3      | Found Ygot's Distillery.
  2848 | D:3      | Noticed a sky beast
  2866 | D:3      | Killed a sky beast
  3094 | D:3      | Gained mutation: You regenerate magic rapidly. [demonic
                  | ancestry]
  3094 | D:3      | Reached XP level 6. HP: 47/47 MP: 6/6
  3944 | D:4      | Reached XP level 7. HP: 40/54 MP: 7/7
  4645 | D:4      | You fall into a shaft and drop 1 floor!
  4645 | D:5      | Entered Level 5 of the Dungeon
  4645 | D:5      | Noticed AlleluiaPinecone's ghost (novice VSBr)
  4645 | D:5      | Found a runed translucent gate.
  4645 | D:5      | Found a runed translucent gate.
  4645 | D:5      | Found a runed translucent gate.
  5931 | D:5      | Found a sparkling altar of Nemelex Xobeh.
  6082 | D:4      | Reached skill level 5 in Dodging
  6082 | D:4      | Reached XP level 8. HP: 38/61 MP: 8/8
  6219 | D:5      | Reached skill level 5 in Fighting
  6219 | D:5      | Reached skill level 5 in Staves
  6528 | D:6      | Found Wuboatiunoyt's Armour Boutique.
  6658 | D:6      | Reached skill level 5 in Throwing
  6893 | D:6      | Found a staircase to the Ecumenical Temple.
  7219 | D:7      | Found a hide-covered altar of Uskayaw.
  7340 | Temple   | Entered the Ecumenical Temple
  7539 | Temple   | Became a worshipper of Kikubaaqudgha
  7608 | D:7      | Found an opulent altar of Gozag.
  7636 | D:7      | Found Uraddewi's Assorted Antiques.
  7739 | D:7      | Reached XP level 9. HP: 69/69 MP: 9/9
  7754 | D:7      | Reached skill level 1 in Necromancy
  7837 | D:7      | Noticed a troll
  7840 | D:7      | Killed a troll
  7848 | D:7      | Reached skill level 1 in Spellcasting
  7848 | D:7      | Reached skill level 1 in Evocations
  8287 | D:7      | Noticed Harold
  8412 | D:6      | Killed Harold
  8620 | D:7      | Noticed a boulder beetle
  8636 | D:7      | Killed a boulder beetle
  8691 | D:8      | Reached * piety under Kikubaaqudgha
  8691 | D:8      | Received a gift from Kikubaaqudgha
  8712 | D:7      | Gained mutation: When hurt, damage is shared between your
                  | health and your magic reserves. [demonic ancestry]
  8712 | D:7      | Reached XP level 10. HP: 57/77 MP: 13/13
  8733 | D:7      | Learned a level 3 spell: Vampiric Draining
  8736 | D:7      | Learned a level 2 spell: Corpse Rot
  9047 | D:8      | Reached skill level 5 in Necromancy
  9247 | D:8      | Found a staircase to the Lair.
  9312 | D:8      | Found a hazy altar of Hepliaklqana.
  9500 | D:8      | Found an ornate altar of the Wu Jian Council.
 10089 | D:9      | Reached ** piety under Kikubaaqudgha
 10127 | D:9      | Noticed a necromancer
 10131 | D:9      | Noticed a skeletal warrior
 10161 | D:9      | Killed a necromancer
 10404 | D:8      | Killed a skeletal warrior
 10522 | D:9      | Gained mutation: When low on magic, you restore magic in
                  | place of health. [demonic ancestry]
 10522 | D:9      | Reached XP level 11. HP: 64/84 MP: 12/16
 10886 | D:8      | HP: 1/72 [wight (6)]
 10886 | D:8      | Slain by a wight

Illustrated notes

Levels and vault maps discovered:
D:1:      psy_arrival_statuary, layout_basic, chequers_ecumenical_altar_island
D:2:      layout_rooms, uniq_crazy_yiuf_cottage
D:3:      layout_basic, serial_shops, shop, kennysheep_cross_bottleneck
D:4:      minmay_bubble_buster, layout_basic, due_unseen_surprise
D:5:      layout_rooms, mainiacjoe_overflow_alcove_4, ebering_ghost_rock_garden,
          lightli_minifort
D:6:      layout_rooms, minmay_temple_entry_ruins, serial_shops,
          nicolae_stop_n_shop_1
D:7:      layout_cave_pods, lemuel_crystal_altar, mainiacjoe_overflow_paths,
          serial_shops, nicolae_shop_waterfront, minmay_manual_mandibuliform,
          uniq_harold
D:8:      layout_basic, nzn_hepliaklqana_mist_gate, overflow_temple_1_default,
          david_lair_shrubbed, chequers_serial_rivers_marsh
D:9:      hangedman_screamer, layout_cave_pools
Temple:   minmay_temple_bridge_abc

Skill      XL: |  1  2  3  4  5  6  7  8  9 10 11 |
---------------+----------------------------------+-----
Throwing       | 2 3 4 5 6 7 |  7.1
Dodging        | 3 4 5 6 7 |  7.3
Staves         | 3 4 5 6 7 |  7.3
Fighting       | 3 4 6 7 |  7.6
Necromancy     | 4 6 7 |  7.3
Spellcasting   | 2 3 4 |  4.0
Evocations     | 2 4 |  4.4

Action                   |  1- 3 |  4- 6 |  7- 9 | 10-12 || total
-------------------------+-------+-------+-------+-------++-------
Melee: Quarterstaff      |   123 |   151 |   325 |   658 ||  1257
       Kick              |       |    45 |    96 |   215 ||   356
Throw: Boomerang         |       |       |    12 |       ||    12
       Dart              |       |       |    32 |     1 ||    33
Evoke: Wand              |       |       |     1 |     3 ||     4
  Use: Scroll            |       |       |     2 |       ||     2
 Stab: Sleeping          |     1 |       |       |       ||     1
       Paralysed         |       |       |       |     8 ||     8
Armor: Leather armour    |    52 |    61 |   122 |       ||   235
       Ring mail         |       |       |    21 |       ||    21
       Chain mail        |       |       |    10 |   741 ||   751
Dodge: Dodged            |   110 |   130 |   275 |   391 ||   906

Table legend: (Time is in decaauts)
 A = Elapsed time spent in this place.
 B = Non-inter-level travel time spent in this place.
 C = Inter-level travel time spent in this place.
 D = Time resting spent in this place.
 E = Time spent auto-exploring this place.
 F = Levels seen in this place.
 G = Mean time per level.
                   A        B        C        D        E       F      G
               +--------+--------+--------+--------+--------+-----+--------+
         Total |  11017 |  10662 |    355 |    702 |   7109 |  10 | 1101.7 |
       Dungeon |  10798 |  10463 |    335 |    702 |   6923 |   9 | 1199.8 |
        Temple |    218 |    199 |     19 |      0 |    186 |   1 |  218.0 |
               +--------+--------+--------+--------+--------+-----+--------+

Top non-repeatable levels by time:
     D:4: 1881 daAuts
     D:8: 1745 daAuts
     D:3: 1500 daAuts
     D:5: 1370 daAuts
     D:7: 1181 daAuts
     D:1: 1127 daAuts
     D:6: 823 daAuts
     D:2: 700 daAuts
     D:9: 467 daAuts
  Temple: 218 daAuts
